 Dungeon Crawl Stone Soup version 0.17.1-3-g152610e (webtiles) character file.

588 Peloso the Covered (level 7, -1/61 HPs)
             Began as a Minotaur Fighter on Apr 2, 2016.
             Slain by an orc (3 damage)
             ... on level 4 of the Dungeon.
             The game lasted 00:05:10 (2365 turns).

Peloso the Covered (Minotaur Fighter)               Turns: 2365, Time: 00:05:10

Health: -1/61      AC:  7    Str: 21    XL:     7   Next: 15%
Magic:  6/6        EV:  9    Int:  5    God:
Gold:   201        SH: 10    Dex: 11    Spells: 0 memorised, 6 levels left

rFire  . . .     SeeInvis .     a - +0 long sword
rCold  . . .     Clarity  .     b - +0 scale mail
rNeg   . . .     SustAt   .     c - +0 shield
rPois  .         Gourm    .     (helmet restricted)
rElec  .         Spirit   .     (no cloak)
rCorr  .         Warding  .     (no gloves)
rMut   .         Stasis   .     (no boots)
MR     .....                    (no amulet)
Stlth  ..........               (no ring)
                                (no ring)

@: not resistant to hostile enchantments, extremely unstealthy
A: retaliatory headbutt, horns 2
a: no special abilities


You were on level 4 of the Dungeon.
You were not hungry.

You visited 1 branch of the dungeon, and saw 4 of its levels.

You collected 201 gold pieces.

Inventory:

Hand Weapons
 a - a +0 long sword (weapon)
Armour
 b - a +0 scale mail (worn)
 c - a +0 shield (worn)
Wands
 m - a wand of draining (7)
Scrolls
 h - a scroll of blinking {unknown}
 j - a scroll of teleportation {unknown}
 l - a scroll of random uselessness {unknown}
 n - 2 scrolls of identify {unknown}
 o - 3 scrolls of remove curse {unknown}
 p - a scroll of recharging {unknown}
 q - 2 scrolls of noise {unknown}
 r - a scroll of enchant armour {unknown}
 s - a scroll of amnesia {unknown}
Potions
 f - 3 potions of flight {unknown}
 g - a potion of agility {unknown}
 k - 4 potions of curing {unknown}
Comestibles
 e - 3 bread rations
 i - 3 meat rations
 t - 4 fruits
 u - a slice of pizza
 v - 6 chunks of flesh
 w - a beef jerky


   Skills:
 + Level 5.1 Fighting
 + Level 4.2 Long Blades
 + Level 5.7 Armour
 + Level 3.4 Dodging
 + Level 1.1 Stealth
 + Level 5.5 Shields


You had 6 spell levels left.
You didn't know any spells.

Dungeon Overview and Level Annotations

Branches:
Dungeon (4/15)
 Temple: D:4-7

Altars:
Ashenzari
Dithmenos
Makhleb
Nemelex Xobeh
Qazlal
Ru
Trog


Innate Abilities, Weirdness & Mutations

You reflexively headbutt those who attack you in melee.
You have a pair of horns on your head.


Message History

You kill the worker ant!
The ogre hits you with a giant spiked club!
You hit the ogre. Your headbutt misses the ogre.
The ogre is lightly wounded.
The ogre barely misses you.
You hit the ogre. You headbutt the ogre.
The ogre is moderately wounded.
The ogre hits you with a giant spiked club!
You barely miss the ogre. You headbutt the ogre.
The ogre is moderately wounded.
You hit the ogre. You headbutt the ogre.
The ogre is severely wounded.
The ogre hits you with a giant spiked club!!
* * * LOW HITPOINT WARNING * * *
You barely miss the ogre. You headbutt the ogre!
You kill the ogre!
Your Long Blades skill increases to level 4!
You have reached level 7!
The orc hits you.
You die...

♣♣♣♣ ...♣ [..
..♣♣♣ ... ♣♣♣♣
♣o♣ ♣♣♣♣..
♣@♣♣ ....♣♣
♣♣.♣♣♣ ♣...♣
♣♣.)♣♣♣
♣♣...♣♣
♣♣♣..♣♣♣
♣.....÷
♣♣♣..♣♣♣..♣♣♣♣
♣♣♣....♣♣
♣♣♣♣♣♣


You could see an orc.

Vanquished Creatures
  The ghost of GFox the Skirmisher, an amateur OgBe of Okawaru (D:3)
  2 ogres
  An iguana (D:4)
  A hound (D:4)
  A worker ant (D:4)
  2 adders (D:2)
  A worm (D:2)
  4 giant geckos
  An orc (D:3)
  A ball python (D:1)
  6 bats
  10 hobgoblins
  6 kobolds
  A quokka (D:3)
  2 giant cockroaches
  4 giant newts
  7 goblins
  14 jackals
  6 rats
71 creatures vanquished.

Notes
Turn   | Place    | Note
--------------------------------------------------------------
     0 | D:1      | Peloso the Minotaur Fighter began the quest for the Orb.
     0 | D:1      | Reached XP level 1. HP: 19/19 MP: 0/0
   284 | D:1      | Reached XP level 2. HP: 27/27 MP: 1/1
   408 | D:1      | Reached skill level 4 in Fighting
   660 | D:1      | Reached XP level 3. HP: 30/33 MP: 2/2
  1082 | D:2      | Found a bloodstained altar of Trog.
  1084 | D:2      | Found a shattered altar of Ashenzari.
  1091 | D:2      | Found a burning altar of Makhleb.
  1093 | D:2      | Found a sacrificial altar of Ru.
  1093 | D:2      | Found a shadowy altar of Dithmenos.
  1094 | D:2      | Found a sparkling altar of Nemelex Xobeh.
  1344 | D:2      | Reached skill level 1 in Dodging
  1344 | D:2      | Reached XP level 4. HP: 40/40 MP: 3/3
  1929 | D:3      | Found a stormy altar of Qazlal.
  2128 | D:3      | Noticed GFox's ghost (amateur OgBe)
  2129 | D:3      | Noticed an ogre
  2135 | D:3      | Killed an ogre
  2135 | D:3      | Reached XP level 5. HP: 47/47 MP: 4/4
  2153 | D:3      | Killed GFox's ghost
  2153 | D:3      | Reached skill level 5 in Fighting
  2153 | D:3      | Reached skill level 5 in Armour
  2153 | D:3      | Reached skill level 1 in Stealth
  2153 | D:3      | Reached skill level 5 in Shields
  2153 | D:3      | Reached XP level 6. HP: 36/56 MP: 5/5
  2364 | D:4      | HP: 1/56 [ogre/giant spiked club (18)]
  2365 | D:4      | Reached XP level 7. HP: 1/61 MP: 6/6
  2365 | D:4      | Slain by an orc

Action                   |  1- 3 |  4- 6 |  7- 9 || total
-------------------------+-------+-------+-------++-------
Melee: Long sword        |   104 |   102 |       ||   206
  Use: Potion            |       |     1 |       ||     1
  Eat: Chunk             |     2 |     3 |       ||     5
